 Dungeon Sprint DCSS version 0.20.1-1-g8b1a95d (webtiles) character file.

23 Mitsuki the Magician (level 2, -8/15 HPs)
             Began as a Deep Elf Fire Elementalist on Sept 25, 2017.
             Was a Believer of Vehumet.
             Mangled by a black bear (11 damage)
             ... in the Dungeon (Sprint VII: "The Pits").
             The game lasted 00:01:46 (521 turns).

Mitsuki the Magician (Deep Elf Fire Elementalist)    Turns: 521, Time: 00:01:47

Health: -8/15      AC:  2    Str:  5    XL:     2   Next: 72%
Magic:  7/10       EV: 13    Int: 19    God:    Vehumet [**....]
Gold:   0          SH:  0    Dex: 15    Spells: 10/11 levels left

rFire    . . .     SeeInvis .   k - +2 quarterstaff
rCold    . . .     Gourm    .   (shield currently unavailable)
rNeg     . . .     Faith    .   a - +0 robe
rPois    .         Spirit   .   (no helmet)
rElec    .         Reflect  .   (no cloak)
rCorr    .         Harm     .   (no gloves)
MR       .....     NoTele   +   (no boots)
Stlth    ++........             (no amulet)
Regen    0.1/turn               (no ring)
MPRegen  0.2/turn               (no ring)

@: no status effects
A: no striking features
a: Renounce Religion


You were in the Dungeon.
You worshipped Vehumet.
Vehumet was pleased with you.
You were not hungry.

You visited 1 branch

Inventory:

Hand Weapons
 k - a +2 quarterstaff (weapon)
Armour
 a - a +0 robe (worn)
Scrolls
 i - a scroll of blinking
 m - 3 scrolls of remove curse
 n - 5 scrolls of amnesia
 o - a scroll of summoning
Potions
 d - a potion of curing
 e - a potion of heal wounds
 f - a potion of haste
 g - 4 potions of magic
 h - 3 potions of berserk rage
 l - 2 potions of invisibility
Books
 b - a book of Flames

   Spells                             Type                      Level
   a - Flame Tongue                   Conjuration/Fire             1
   b - Throw Flame                    Conjuration/Fire             2
   c - Conjure Flame                  Conjuration/Fire             3
   d - Inner Flame                    Hexes/Fire                   3
   e - Sticky Flame                   Conjuration/Fire             4
   f - Fireball                       Conjuration/Fire             5
Comestibles
 c - 8 bread rations
 j - a chunk of flesh
 p - 40 fruits
 q - 7 meat rations


   Skills:
 - Level 2.4 Dodging
 - Level 2.4 Stealth
 + Level 5.2 Spellcasting
 + Level 3.3 Conjurations
 + Level 4.8 Fire Magic


You had 10 spell levels left.
You knew the following spells:

 Your Spells              Type           Power        Failure   Level  Hunger
a - Flame Tongue          Conj/Fire      ###..        2%          1    None


Dungeon Overview and Level Annotations

Branches:
Dungeon (1/1)

Altars:
Ashenzari
Cheibriados
Dithmenos
Elyvilon
Fedhas
Gozag
Hepliaklqana
Kikubaaqudgha
Makhleb
Nemelex Xobeh
Okawaru
Qazlal
Ru
Sif Muna
Trog
Uskayaw
Vehumet
Xom
Yredelemnul
Zin
The Shining One
Beogh
Jiyva
Lugonu


Message History

Confirm with . or Enter, or press ? or * to list all spells.
Aiming: Flame Tongue
Press: ? - help, Shift-Dir - straight line, f/p - black bear
Aim: a black bear (moderately wounded)
The flame tongue hits the black bear.
The black bear is severely wounded.
The black bear goes berserk!
The gnoll sergeant closely misses you.
Casting: Flame Tongue
Confirm with . or Enter, or press ? or * to list all spells.
Aiming: Flame Tongue
Press: ? - help, Shift-Dir - straight line, f/p - black bear
Aim: a black bear (severely wounded, berserk, fast, unusually strong)
The flame tongue hits the black bear.
The black bear is severely wounded.
The gnoll shouts!
The black bear bites you. The black bear claws you. x2
* * * LOW HITPOINT WARNING * * *
The gnoll sergeant closely misses you. The black bear bites you!
Ouch! That really hurt!
You die...

############
#_________.#
#_________.#
#__.____...########
##########'##......
#.?(.')))'.##......
##########.##......
#.@.........'......
#h#####'#####......
#g#.†#..#..##......
#5#..'..'..#####'##
#g##+####+###......
#g#...lg...##......
#g#...gg...##......
#g#####+#####...<..
#.# #......


You could see a black bear (berserk), a gnoll sergeant, a quasit and 4 gnolls.

Vanquished Creatures
  A gnoll (D)
  An ooze (D)
  A giant cockroach (D)
  A hobgoblin (D)
  3 jackals (D)
  A bat (D)
  A frilled lizard (D)
9 creatures vanquished.

Notes
Turn   | Place    | Note
-------+----------+-------------------------------------------
     0 | D        | Mitsuki the Deep Elf Fire Elementalist began the quest for the Orb.
     0 | D        | Reached XP level 1. HP: 10/10 MP: 6/6
   232 | D        | Found a glowing golden altar of the Shining One.
   232 | D        | Found a glowing silver altar of Zin.
   232 | D        | Found a basalt altar of Yredelemnul.
   232 | D        | Found a shimmering altar of Xom.
   232 | D        | Found a bloodstained altar of Trog.
   232 | D        | Found a deep blue altar of Sif Muna.
   232 | D        | Found a sacrificial altar of Ru.
   232 | D        | Found a stormy altar of Qazlal.
   232 | D        | Found an iron altar of Okawaru.
   232 | D        | Found a sparkling altar of Nemelex Xobeh.
   232 | D        | Found a burning altar of Makhleb.
   232 | D        | Found a viscous altar of Jiyva.
   232 | D        | Found a hazy altar of Hepliaklqana.
   232 | D        | Found an opulent altar of Gozag.
   232 | D        | Found a blossoming altar of Fedhas.
   232 | D        | Found a white marble altar of Elyvilon.
   232 | D        | Found a shadowy altar of Dithmenos.
   232 | D        | Found a snail-covered altar of Cheibriados.
   233 | D        | Found a radiant altar of Vehumet.
   233 | D        | Found a corrupted altar of Lugonu.
   233 | D        | Found a roughly hewn altar of Beogh.
   234 | D        | Found a hide-covered altar of Uskayaw.
   234 | D        | Found an ancient bone altar of Kikubaaqudgha.
   234 | D        | Found a shattered altar of Ashenzari.
   241 | D        | Became a worshipper of Vehumet
   258 | D        | Reached skill level 4 in Spellcasting
   258 | D        | Reached XP level 2. HP: 15/15 MP: 3/9
   317 | D        | Reached * piety under Vehumet
   317 | D        | Offered knowledge of Sandblast by Vehumet.
   383 | D        | Noticed a fire bat
   384 | D        | Noticed a black bear
   398 | D        | Reached ** piety under Vehumet
   398 | D        | Reached skill level 5 in Spellcasting
   518 | D        | Noticed a gnoll sergeant
   521 | D        | Mangled by a black bear

Skill      XL: |  1  2 |
---------------+-------+-----
Conjurations   | 2 3 |  3.3
Spellcasting   | 4 5 |  5.2
Fire Magic     | 4 |  4.8
Dodging        | |  2.4
Stealth        | |  2.4

Action                   || total
-------------------------++-------
 Cast: Flame Tongue      ||    21
Armor: Robe              ||     3
Dodge: Dodged            ||    12
